 Dungeon Crawl Stone Soup version 0.28.0-47-ge53b351184 (webtiles) character file.

Game seed: 5697453468808006815

477 HatHat the Covered (level 6, 0/55 HPs)
             Began as a Minotaur Berserker on Apr 29, 2022.
             Was a Believer of Trog.
             Slain by an ogre
             ... wielding a +0 giant club
              (15 damage)
             ... on level 5 of the Dungeon.
             The game lasted 00:27:07 (3922 turns).

HatHat the Covered (Minotaur Berserker)             Turns: 3922, Time: 00:27:07

Health: 0/55       AC: 14    Str: 23    XL:     6   Next: 85%
Magic:  0/5        EV:  7    Int:  4    God:    Trog [**....]
Gold:   186        SH:  0    Dex: 10    Spells: 5/5 levels left

rFire   . . .      SeeInvis .   u - +0 hand axe (vamp)
rCold   . . .      Faith    .   (no shield)
rNeg    + . .      Spirit   +   l - +0 plate armour
rPois   .          Reflect  .   (helmet restricted)
rElec   .          Harm     .   (no cloak)
rCorr   .          Rampage  .   b - +0 pair of gloves
Will    .....                   (no boots)
Stlth   ..........              p - amulet of guardian spirit
HPRegen 0.18/turn               m - ring of positive energy
MPRegen 0.09/turn               (no ring)

@: no status effects
A: horns 2, retaliatory headbutt
a: Renounce Religion, Berserk, Trog's Hand


You were on level 5 of the Dungeon.
You worshipped Trog.
Trog was pleased with you.
You visited 1 branch of the dungeon, and saw 5 of its levels.

You collected 186 gold pieces.

Inventory:

Hand Weapons
 a - a +0 falchion
 c - a +2 short sword of draining
 u - a +0 vampiric hand axe (weapon)
 x - a +0 rapier
Missiles
 e - 2 boomerangs (quivered)
Armour
 b - a +0 pair of gloves (worn)
 l - a +0 plate armour (worn)
Jewellery
 m - a ring of positive energy (left hand)
 p - an amulet of guardian spirit (around neck)
Wands
 w - a wand of iceblast (2)
Scrolls
 d - a scroll of fog {unknown}
 f - a scroll of immolation {unknown}
 k - a scroll of enchant armour {unknown}
 s - a scroll of identify
 v - a scroll of teleportation
Potions
 g - a potion of berserk rage {unknown}
 h - a potion of mutation {unknown}
 i - 4 potions of resistance {unknown}
 j - a potion of magic {unknown}
 n - 2 potions of brilliance {unknown}
 o - a potion of degeneration {unknown}
 q - a potion of curing
 r - a potion of invisibility
 t - a potion of might {unknown}


   Skills:
 + Level 4.9 Fighting
 + Level 3.2(4.3) Short Blades
 + Level 4.6(5.2) Long Blades
 + Level 1.2 Axes
 + Level 6.1 Armour
 + Level 2.8 Dodging


You had 5 spell levels left.
You didn't know any spells.
Your spell library contained the following spells:

 Spells                   Type           Power      Damage    Failure   Level
 Summon Guardian Golem    Hex/Summ       0%         N/A       100%        3
 Orb of Destruction       Conj           0%         9d5       100%        7
 Spellforged Servitor     Conj/Summ      0%         N/A       100%        7


Dungeon Overview and Level Annotations

Branches:
Dungeon (5/15)
 Temple: D:4-7

Altars:
Hepliaklqana
Kikubaaqudgha
Wu Jian
The Shining One

Shops:
D:3 :


Innate Abilities, Weirdness & Mutations

You have a pair of horns on your head.
You reflexively headbutt those who attack you in melee.


Message History

You hit the ogre.
The ogre is almost dead.
You hit the water moccasin skeleton. The water moccasin skeleton bites you.
The ogre hits you with a +0 giant club!
* * * LOW HITPOINT WARNING * * *
The water moccasin skeleton bites you but does no damage.
You closely miss the water moccasin skeleton.
Your headbutt misses the water moccasin skeleton.
The water moccasin skeleton is heavily damaged.
You hit the ogre.
You feel better.
You kill the ogre!
Trog accepts your kill.
The water moccasin skeleton closely misses you.
Your Axes skill increases to level 1!
You completely miss the water moccasin skeleton.
The water moccasin skeleton is heavily damaged.
The water moccasin skeleton barely misses you.
The water moccasin skeleton bites you but does no damage.
You hit the water moccasin skeleton.
The water moccasin skeleton is severely damaged.
The water moccasin skeleton bites you but does no damage.
You hit the water moccasin skeleton.
The water moccasin skeleton is almost destroyed.
The water moccasin skeleton closely misses you.
The water moccasin skeleton bites you but does no damage.
You hit the water moccasin skeleton.
You destroy the water moccasin skeleton!
Trog accepts your kill.
Your Armour skill increases to level 6!
Found a stone staircase leading down.
Found a scroll labelled OBEFUR GIRIMI.
You now have 186 gold pieces (gained 20).
An ogre comes into view. It is wielding a +0 giant club.
The ogre shouts!
The ogre hits you with a +0 giant club.
* * * LOW HITPOINT WARNING * * *
You hit the ogre.
You feel better.
The ogre is lightly wounded.
The ogre hits you with a +0 giant club!
You die...

######## #.. #......#
#.# #..?...# #.#
#......# #.# #......#
#.# #......###.###
#...>........########
####.........).......
#@#####...........
#...O.#.......#######
#.....#.......#
#.....#.......# #
#.....#######.# #
####.## #[# # #.# #..
# #.# ##.


You could see an ogre.

Vanquished Creatures
  A black bear (D:5)
  An ogre (D:5)
  A scorpion (D:4)
  A water moccasin skeleton (D:5)
  A hound (D:4)
  An orc priest (D:4)
  7 adders
  4 worms
  3 dart slugs
  4 orcs
  4 bats
  5 endoplasms
  A giant cockroach (D:4)
  3 goblins
  5 hobgoblins
  4 kobolds
  A quokka (D:3)
  5 ball pythons
  3 frilled lizards
  3 rats
58 creatures vanquished.

Notes
Turn   | Place    | Note
-------+----------+-------------------------------------------
     0 | D:1      | HatHat the Minotaur Berserker began the quest for the Orb.
     0 | D:1      | Reached XP level 1. HP: 19/19 MP: 0/0
   128 | D:1      | You fall into a shaft and drop 1 floor!
   210 | D:2      | Reached XP level 2. HP: 21/26 MP: 1/1
   274 | D:3      | Found a faded altar of an unknown god.
   418 | D:3      | Reached XP level 3. HP: 23/33 MP: 2/2
   427 | D:3      | Found an ancient bone altar of Kikubaaqudgha.
   792 | D:3      | Found a glowing golden altar of the Shining One.
   844 | D:3      | Reached skill level 3 in Armour
  1124 | D:2      | Reached XP level 4. HP: 41/41 MP: 3/3
  1413 | D:1      | Reached ** piety under Trog
  2498 | D:3      | Found Ynlej's Book Emporium.
  3026 | D:3      | Found an ornate altar of the Wu Jian Council.
  3032 | D:3      | Reached skill level 1 in Short Blades
  3302 | D:4      | Reached XP level 5. HP: 27/47 MP: 1/4
  3303 | D:4      | Reached skill level 4 in Armour
  3560 | D:4      | Found a hazy altar of Hepliaklqana.
  3860 | D:5      | Entered Level 5 of the Dungeon
  3865 | D:5      | Noticed a black bear
  3873 | D:5      | Killed a black bear
  3874 | D:5      | Reached skill level 5 in Armour
  3874 | D:5      | Reached XP level 6. HP: 50/55 MP: 3/5
  3907 | D:5      | Reached skill level 1 in Axes
  3911 | D:5      | Reached skill level 6 in Armour
  3922 | D:5      | Slain by an ogre

Illustrated notes

Levels and vault maps discovered:
D:1:      scummos_arrival_simple_crosswalls, layout_loops_ring,
          minmay_pentomino_u2
D:2:      layout_loops_corners, minmay_split_cup_small
D:3:      layout_loops_corners, lemuel_crystal_altar,
          mainiacjoe_overflow_chevrons, lemuel_doored_altar, serial_shops, shop,
          nicolae_ecumenical_oubliette, kennysheep_generic_room_9
D:4:      layout_basic, mainiacjoe_overflow_catwalk, pf_guarded_unrand_meek
D:5:      layout_basic, nicolae_overflow_hidden_temple,
          mainiacjoe_overflow_paths, minmay_temple_entry_antechambers

Skill      XL: |  1  2  3  4  5  6 |
---------------+-------------------+-----
Long Blades    | 4 |  4.6
Fighting       | 4 |  4.9
Armour         | 3 5 6 |  6.1
Short Blades   | 2 3 |  3.2
Axes           | 1 |  1.2
Dodging        | |  2.8

Action                   |  1- 3 |  4- 6 || total
-------------------------+-------+-------++-------
Melee: Falchion          |    14 |       ||    14
       Headbutt          |     6 |    15 ||    21
       Short sword       |    36 |    62 ||    98
       Hand axe          |       |    27 ||    27
       Punch             |       |     1 ||     1
  Use: Scroll            |     3 |       ||     3
       Potion            |     1 |     1 ||     2
Armor: Leather armour    |     3 |       ||     3
       Chain mail        |    10 |       ||    10
       Plate armour      |     2 |    62 ||    64
Dodge: Dodged            |    15 |    38 ||    53
